 Dungeon Crawl Stone Soup version 0.30.0-13-g156ef70053 (webtiles) character file.

Game seed: 12406442251843360264

63 dolemite99 the Magician (level 4, -15/31 HPs)
             Began as a Djinni Conjurer on May 18, 2023.
             Was a Follower of Lugonu.
             Killed from afar by Ijyb (18 damage)
             ... with a bolt of acid
             ... on level 3 of the Dungeon.
             The game lasted 00:02:31 (1663 turns).

dolemite99 the Magician (Djinni Conjurer)           Turns: 1663, Time: 00:02:32

Health: -15/31     AC: -2    Str:  5 (6)  XL:     4   Next: 31%
Gold:   81         EV: 12    Int: 20 (21) God:    Lugonu [*.....] SH:  0 Dex:  9 (12)

rFire   + + .        l - +3 dagger (protect)
rCold   x . .        (no shield)
rNeg    . . .        a - +0 robe
rPois   ∞            (no helmet)
rElec   .            (no cloak)
rCorr   .            (no gloves)
SInv    .            (boots unavailable)
Will    .....        (no amulet)
Stlth   +            (no ring)
HPRegen 0.25/turn    (no ring)
MPRegen 0.00/turn

%: infuse magic (-16 HP)
@: corroded, flying
A: sickness immunity, fire resistance 2, cold vulnerability 1, float, innate
caster, HP casting, extra vitality 1
a: Renounce Religion, Depart the Abyss


You were on level 3 of the Dungeon.
You worshipped Lugonu.
Lugonu was aware of your devotion.
You visited 1 branch of the dungeon, and saw 3 of its levels.

You collected 120 gold pieces.
You spent 39 gold pieces at shops.

Inventory:

Hand Weapons
 l - a +3 dagger of protection (weapon)
 o - a +0 whip of venom
Missiles
 m - 7 stones
 p - 6 poisoned darts
Armour
 a - a +0 robe (worn)
Scrolls
 d - a scroll of silence {unknown}
 f - 8 scrolls of identify {unknown}
 h - a scroll of fog {unknown}
 i - a scroll of teleportation
 n - a scroll of magic mapping {unknown}
Potions
 b - 2 potions of heal wounds {unknown}
 c - 2 potions of degeneration
 e - a potion of attraction {unknown}
 g - 2 potions of brilliance {unknown}
 j - a potion of curing {unknown}
 k - a potion of lignification {unknown}
 q - a potion of ambrosia {unknown}
 r - a potion of mutation {unknown}


   Skills:
 - Level 2.1 Dodging
 - Level 1.5 Stealth
 + Level 4.4 Spellcasting


You knew the following spells:

 Your Spells              Type           Power      Damage    Failure   Level
a - Magic Dart            Conj           88%        1d7       1%          1
b - Searing Ray           Conj           44%        2d6       3%          2
c - Dazzling Flash        Conj/Hex       44%        N/A       6%          3
d - Fulminant Prism       Conj/Hex       11%        3d9       21%         4
e - Iskenderun's Mystic   Conj/Tloc      22%        2d6       21%         4
f - Foxfire               Conj/Fire      88%        2x1d8     1%          1
Your spell library was empty.

Dungeon Overview and Level Annotations

Branches:
Dungeon (3/15)

Altars:
Ashenzari
Okawaru
Lugonu

Shops:
D:2 ?

Annotations:
D:3 Ijyb


Innate Abilities, Weirdness & Mutations

You are immune to sickness and miasma.
You are immune to poison.
Your flesh is very heat resistant. (rF++)
You are vulnerable to cold. (rC-)
You float through the air rather than walking.
You learn spells naturally, not from books.
Your magical power is your life essence.
You have superior vitality. (+4 MHP)


Message History

Found a broken altar of Ashenzari.
Ijyb the Twisted Goblin comes into view.
She is wielding a +0 club and carrying a wand of acid (11).
Ijyb shouts!
There are monsters nearby!
Casting: Magic Dart (safe; 1% risk of failure)
Confirm with . or Enter, or press ? or * to list all spells.
Okay, then.
Casting: Magic Dart (safe; 1% risk of failure)
Confirm with . or Enter, or press ? or * to list all spells.
Aiming: Searing Ray (safe; 2% risk of failure)
Press: ? - help, Shift-Dir - straight line, f - Ijyb
Aim: Ijyb, wielding a +0 club, wearing a +0 leather armour and carrying a wand of acid (11) (72% to hit)
The searing ray hits Ijyb.
Ijyb is moderately wounded. (Press . to maintain the ray.)
The endoplasm quivers.
The searing ray misses Ijyb.
Ijyb zaps a wand.
The bolt of acid hits you! The acid corrodes you!
The searing ray misses Ijyb.
The searing ray hits Ijyb.
Ijyb is heavily wounded.
You finish channelling your searing ray.
A ball python comes into view.
Ijyb hits you with a +0 club!
* * * LOW HITPOINT WARNING * * *
Okay, then.
Casting: Searing Ray (safe; 2% risk of failure)
Confirm with . or Enter, or press ? or * to list all spells.
Casting: Dazzling Flash (dangerous; 5% risk of failure)
Press: ? - help, Dir - look around, f - activate The ball python hisses angrily.
* * * LOW HITPOINT WARNING * * *
Ijyb barely misses you. The endoplasm hits you.
* * * LOW HITPOINT WARNING * * *
It was a potion of degeneration.
There was something very wrong with that liquid.
You feel weakened.
You feel dopey.
You feel clumsy.
Ijyb zaps a wand.
The bolt of acid hits you!!
Ouch! That really hurt!
You die...

############
#..........#
#..........#
#..........# #####
#.........<# .....##
#####..##..#####
.......##.....#...##
......J......##.###
......g@........#
...............##
...S...........#
.............#....
.............###...
..............# ....
.._...........# †..
...._.........# ...


You could see Ijyb, an endoplasm and a ball python.

Vanquished Creatures
  A gnoll (D:2)
  An adder (D:2)
  7 ball pythons
  6 bats
  4 endoplasms
  A giant cockroach (D:1)
  3 goblins (D:1)
  6 hobgoblins
  A quokka (D:2)
  3 frilled lizards
  5 kobolds
  5 rats
43 creatures vanquished.

Notes
Turn   | Place    | Note
-------+----------+-------------------------------------------
     0 | D:1      | dolemite99 the Djinni Conjurer began the quest for the Orb.
     0 | D:1      | dolemite99 set off with the following spells memorised:
                  | Magic Dart, Searing Ray, Dazzling Flash, Fulminant Prism,
                  | Iskenderun's Mystic Blast.
     0 | D:1      | Reached XP level 1. HP: 15/15 MP: 0/0
   119 | D:1      | Reached XP level 2. HP: 19/21 MP: 0/0
   520 | D:1      | Reached XP level 3. HP: 25/25 MP: 0/0
   520 | D:1      | Learned a level 1 spell: Foxfire
   556 | D:1      | Found a faded altar of an unknown god.
   617 | D:1      | Prayed at the altar of an unknown god.
   617 | D:1      | Became a worshipper of Lugonu the Unformed
   617 | D:1      | Reached * piety under Lugonu
   753 | D:1      | Reached skill level 4 in Spellcasting
   921 | D:2      | Found Sioh Sac's Magic Scroll Boutique.
   946 | D:2      | Bought a scroll of teleportation for 39 gold pieces
  1192 | D:2      | Reached XP level 4. HP: 23/31 MP: 0/0
  1652 | D:3      | Found an iron altar of Okawaru.
  1654 | D:3      | Found a broken altar of Ashenzari.
  1655 | D:3      | Noticed Ijyb
  1663 | D:3      | Killed from afar by Ijyb

Illustrated notes

Levels and vault maps discovered:
D:1:      giann_forest_graveyard, layout_basic, basic_ecumenical_altar,
          hangedman_decor_lopped, kennysheep_flooded_box
D:2:      layout_loops_ring, serial_shops, shop, minmay_close_crescents
D:3:      layout_rooms, mainiacjoe_overflow_brackets,
          grunt_temple_overflow_open, mainiacjoe_overflow_six_doors_small,
          uniq_ijyb

Skill      XL: |  1  2  3 |
---------------+----------+-----
Spellcasting   | 4 |  4.4
Dodging        | |  2.1
Stealth        | |  1.5

Action                     |  1- 3 |  4- 6 || total
---------------------------+-------+-------++-------
  Melee: Dagger            |       |     2 ||     2
   Cast: Magic Dart        |    53 |    14 ||    67
         Searing Ray       |     1 |     2 ||     3
         Dazzling Flash    |       |     1 ||     1
    Use: Potion            |       |     1 ||     1
 Armour: Robe              |     1 |       ||     1
  Dodge: Dodged            |     9 |     3 ||    12
